 Dungeon Crawl Stone Soup version 0.29-a0-266-gf56f883ddd (webtiles) character file.

Game seed: 1231561223746514806

8437 Ajdolov the Fighter (level 11, 0/127 HPs)
             Began as an Ogre Ice Elementalist on Mar 6, 2022.
             Was a Priest of Vehumet.
             Slain by a two-headed ogre
             ... wielding a +0 giant club
              (25 damage)
             ... on level 10 of the Dungeon on Mar 7, 2022.
             The game lasted 00:28:19 (15616 turns).

Ajdolov the Fighter (Ogre Ice Elementalist)        Turns: 15616, Time: 00:28:20

Health: 0/127      AC:  4    Str: 14    XL:     11   Next: 30%
Magic:  26/26      EV:  9    Int: 20    God:    Vehumet [***...]
Gold:   330        SH:  0    Dex:  9    Spells: 19/32 levels left

rFire   . . .      SeeInvis .   D - +1 war axe (elec)
rCold   . . .      Faith    .   (no shield)
rNeg    . . .      Spirit   .   a - +0 robe
rPois   .          Reflect  .   (helmet restricted)
rElec   .          Harm     .   B - +0 cloak
rCorr   .          Rampage  .   (gloves unavailable)
Will    +....                   (boots unavailable)
Stlth   +.........              A - amulet of magic regeneration
HPRegen 0.31/turn               (no ring)
MPRegen 0.60/turn               (no ring)

@: studying Invocations
A: large, unfitting armour, tough skin 1
a: Renounce Religion


You were on level 10 of the Dungeon.
You worshipped Vehumet.
Vehumet was most pleased with you.
You visited 2 branches of the dungeon, and saw 11 of its levels.

You collected 557 gold pieces.
You spent 227 gold pieces at shops.

Inventory:

Hand Weapons
 q - a +2 dagger of venom
 D - a +1 war axe of electrocution (weapon)
Missiles
 J - 2 curare-tipped darts
Armour
 a - a +0 robe (worn)
 B - a +0 cloak (worn)
Jewellery
 w - a ring of fire
 z - a ring of fire
 A - an amulet of magic regeneration (around neck)
 F - an amulet of reflection
 O - a ring of positive energy
Wands
 n - a wand of mindburst (11)
 u - a wand of acid (20)
 I - a wand of paralysis (6)
 N - a wand of flame (12)
 P - a wand of digging (5)
Scrolls
 c - 6 scrolls of teleportation
 h - a scroll of torment {unknown}
 m - a scroll of fog {unknown}
 o - 3 scrolls of immolation {unknown}
 s - a scroll of vulnerability {unknown}
 v - a scroll of fear
 x - a scroll of enchant armour {unknown}
 y - a scroll of enchant weapon {unknown}
 C - a scroll of silence {unknown}
 E - 2 scrolls of noise {unknown}
 G - 6 scrolls of identify
 H - 3 scrolls of summoning {unknown}
 K - 2 scrolls of blinking
 L - 4 scrolls of amnesia {unknown}
 M - 2 scrolls of magic mapping
Potions
 b - a potion of magic
 d - 4 potions of might
 e - 3 potions of curing
 f - 2 potions of mutation
 g - a potion of haste
 i - 2 potions of heal wounds {unknown}
 j - 2 potions of ambrosia
 k - 4 potions of flight
 l - 2 potions of attraction {unknown}
 p - a potion of brilliance {unknown}
 r - 2 potions of cancellation {unknown}
 t - 2 potions of lignification {unknown}


   Skills:
 * Level 13.4 Fighting
 - Level 1.7 Dodging
 - Level 1.4 Stealth
 - Level 11.1 Spellcasting
 - Level 6.2 Conjurations
 - Level 7.0 Ice Magic
 * Level 0.0 Poison Magic


You had 19 spell levels left.
You knew the following spells:

 Your Spells              Type           Power      Damage    Failure   Level
a - Freeze                Ice            100%       1d11      1%          1
b - Frozen Ramparts       Ice            78%        1d9       1%          3
c - Ozocubu's Armour      Ice            39%        N/A       1%          3
d - Hailstorm             Conj/Ice       37%        3d9       1%          4
e - Poisonous Vapours     Pois/Air       22%        N/A       2%          2

Your spell library contained the following spells:

 Spells                   Type           Power      Damage    Failure   Level
 Mephitic Cloud           Conj/Pois/Air  19%        N/A       2%          3
 Inner Flame              Hex/Fire       11%        N/A       5%          3
 Corpse Rot               Necr/Air       22%        N/A       10%         2
 Ice Form                 Ice/Tmut       25%        N/A       14%         4
 Call Canine Familiar     Summ           11%        N/A       19%         3
 Portal Projectile        Hex/Tloc       22%        N/A       19%         3
 Cause Fear               Hex            5%         N/A       52%         4
 Leda's Liquefaction      Hex/Erth       5%         N/A       52%         4
 Simulacrum               Ice/Necr       12%        N/A       92%         6
 Discord                  Hex            5%         N/A       100%        8


Dungeon Overview and Level Annotations

Branches:
Dungeon (10/15)            Temple (1/1) D:5
   Lair: D:8-11         Orc: D:9-12

Altars:
Ashenzari
Cheibriados
Dithmenos
Elyvilon
Fedhas
Gozag
Hepliaklqana
Kikubaaqudgha
Makhleb
Nemelex Xobeh
Okawaru
Qazlal
Ru
Sif Muna
Trog
Uskayaw
Vehumet
Wu Jian
Xom
Yredelemnul
Zin
The Shining One

Shops:
D:1 :   D:3 ?   D:8 *

Annotations:
D:3 1 runed translucent door, Crazy Yiuf


Innate Abilities, Weirdness & Mutations

You are too large for most types of armour.
You have tough skin. (AC +1)


Message History

You completely miss the two-headed ogre.
The two-headed ogre is lightly wounded.
The wall freezes the two-headed ogre!
The two-headed ogre hits you with a +0 giant club!!
The two-headed ogre completely misses you.
The wall freezes the orc!
Unknown command.
You barely miss the two-headed ogre.
The two-headed ogre is moderately wounded.
The wall freezes the orc.
You kill the orc!
Vehumet accepts your kill.
You feel your power returning.
The wall freezes the two-headed ogre!
The two-headed ogre hits you with a +0 giant club!!
The two-headed ogre hits you but does no damage.
You barely miss the two-headed ogre.
The two-headed ogre is heavily wounded.
The frozen ramparts melt away.
The two-headed ogre hits you with a +0 giant club!!
The two-headed ogre hits you with a +0 giant club!
* * * LOW HITPOINT WARNING * * *
Unknown command.
Your icy armour will break if you move.
Continue? [Y]es or [N]o only, please.
Your icy armour will break if you move.
Continue?
The two-headed ogre attacks as you move away!
The two-headed ogre hits you with a +0 giant club.
* * * LOW HITPOINT WARNING * * *
The two-headed ogre hits you with a +0 giant club!
* * * LOW HITPOINT WARNING * * *
Your icy armour cracks and falls away as you move.
Throw: throwing net
Press: ? - help, Shift-Dir - straight line, f/p - two-headed ogre
Aim: a two-headed ogre, wielding two +0 giant clubs (heavily wounded, poisoned, 76% to hit)
You throw a throwing net.
The throwing net barely misses the two-headed ogre.
The two-headed ogre attacks as you move away!
The two-headed ogre hits you but does no damage.
The two-headed ogre hits you with a +0 giant club!!
You die...

#.#.# ### ### #.#.#
..# #.#.#### #.#
#.#....# #.#
#.####.# #.# #.#
#.# #.#
##.####.######.###
.................#
##.####..#######@##
#.# #.........O.#
#.# #.########..#
#.# #...# #..# ##
#.# ###.#
##..######.# #.#
#.# #.........# #.#
#.# #...####.## #.#
#.# #.#.# #.## ##.#
#.# #.#.# ##.#


You could see a two-headed ogre (poisoned).

Vanquished Creatures
  A fire dragon (D:9)
  Harold (D:9)
  Pikel (D:6)
  A wizard (D:9)
  A troll (D:9)
  A hornet (D:7)
  Prince Ribbit (D:6)
  Grinder (D:3)
  A wraith (D:9)
  A shadow (D:10)
  A wyvern (D:9)
  5 yaks
  5 vampire mosquitoes
  Edmund (D:6)
  2 water moccasins
  5 orc warriors
  2 black bears
  A lemure (D:5)
  3 centaurs
  5 kobold brigands
  A phantom (D:7)
  A necrophage (D:4)
  5 bullfrogs
  2 scorpions
  5 wights
  4 killer bees (D:7)
  9 orc priests
  6 hounds
  A gnoll shaman (D:5)
  2 jellies
  6 orc wizards
  2 iguanas
  A mummy (D:5)
  12 gnolls
  6 adders
  2 shadow imps (D:7)
  2 white imps
  An ufetubus (D:5)
  A worm (D:5)
  5 dart slugs
  37 orcs
  10 endoplasms
  2 giant cockroaches
  9 goblins
  4 hobgoblins
  8 jackals
  10 quokkas
  10 ball pythons
  4 bats
  4 frilled lizards
  A goblin zombie (D:5)
  26 kobolds
  A kobold zombie (D:5)
  5 rats
245 creatures vanquished.

Vanquished Creatures (others)
  3 fungi (D:7)
  2 plants (D:7)
5 creatures vanquished.

Grand Total: 250 creatures vanquished

Notes
Turn   | Place    | Note
-------+----------+-------------------------------------------
     0 | D:1      | Ajdolov the Ogre Ice Elementalist began the quest for the
                  | Orb.
     0 | D:1      | Reached XP level 1. HP: 16/16 MP: 3/3
   369 | D:1      | Reached XP level 2. HP: 18/24 MP: 5/5
   884 | D:1      | Reached XP level 3. HP: 25/31 MP: 3/6
  1135 | D:1      | Found Umeoxt's Book Shop.
  1541 | D:1      | Found a faded altar of an unknown god.
  1909 | D:2      | Learned a level 3 spell: Frozen Ramparts
  1913 | D:2      | Learned a level 3 spell: Ozocubu's Armour
  2209 | D:2      | Reached XP level 4. HP: 8/40 MP: 5/8
  2462 | D:3      | Reached skill level 5 in Ice Magic
  2559 | D:3      | Noticed Grinder
  2568 | D:3      | Paralysed by Grinder for 2 turns
  2592 | D:3      | Paralysed by Grinder for 2 turns
  2594 | D:3      | Killed Grinder
  2595 | D:3      | Reached XP level 5. HP: 37/46 MP: 4/11
  2595 | D:3      | Reached XP level 6. HP: 44/54 MP: 4/12
  3474 | D:3      | Found Cuickast's Magic Scroll Boutique.
  3483 | D:3      | Bought a scroll of identify for 20 gold pieces
  3483 | D:3      | Bought a scroll of teleportation for 30 gold pieces
  3483 | D:3      | Bought a scroll of fear for 35 gold pieces
  3587 | D:3      | Found a runed translucent door.
  3588 | D:3      | Noticed Crazy Yiuf
  4408 | D:4      | Reached skill level 5 in Spellcasting
  4988 | D:4      | Reached XP level 7. HP: 57/61 MP: 7/15
  5465 | D:5      | Entered Level 5 of the Dungeon
  5489 | D:5      | Reached skill level 1 in Fighting
  5613 | D:5      | Found an ancient bone altar of Kikubaaqudgha.
  6085 | D:5      | Reached skill level 2 in Fighting
  6255 | D:5      | Reached skill level 3 in Fighting
  6328 | D:4      | Reached XP level 8. HP: 40/71 MP: 19/19
  6731 | D:5      | Reached skill level 4 in Fighting
  6814 | D:5      | Found a staircase to the Ecumenical Temple.
  6851 | Temple   | Entered the Ecumenical Temple
  6926 | Temple   | Became a worshipper of Vehumet
  7662 | D:6      | Noticed Pikel
  7794 | D:6      | Reached skill level 5 in Fighting
  8654 | D:6      | Reached XP level 9. HP: 73/86 MP: 16/22
  8774 | D:6      | Reached skill level 6 in Fighting
  9179 | D:6      | Killed Pikel
  9180 | D:6      | Reached skill level 7 in Fighting
  9180 | D:6      | Reached skill level 10 in Spellcasting
  9376 | D:6      | Noticed Edmund
  9388 | D:6      | Killed Edmund
  9582 | D:6      | Found an opulent altar of Gozag.
  9643 | D:6      | Noticed Prince Ribbit
  9662 | D:6      | Killed Prince Ribbit
  9975 | D:7      | Noticed a hornet
  9975 | D:7      | Found a blossoming altar of Fedhas.
 10012 | D:7      | Reached skill level 8 in Fighting
 10019 | D:7      | Reached * piety under Vehumet
 10019 | D:7      | Offered knowledge of Foxfire by Vehumet.
 10655 | D:6      | Reached skill level 9 in Fighting
 11199 | D:7      | Reached XP level 10. HP: 107/107 MP: 22/25
 11361 | D:7      | Reached skill level 10 in Fighting
 11555 | D:7      | Learned a level 4 spell: Hailstorm
 11603 | D:7      | Found an ornate altar of the Wu Jian Council.
 12030 | D:8      | Reached skill level 1 in Conjurations
 12083 | D:8      | Found Zit Poed's General Store.
 12103 | D:8      | Bought a scroll of blinking for 82 gold pieces
 12103 | D:8      | Bought a scroll of magic mapping for 38 gold pieces
 12103 | D:8      | Bought a scroll of identify for 22 gold pieces
 12230 | D:8      | Found a white marble altar of Elyvilon.
 12235 | D:8      | Offered knowledge of Sandblast by Vehumet.
 12236 | D:8      | Reached ** piety under Vehumet
 12440 | D:8      | Reached skill level 11 in Fighting
 12718 | D:8      | Found a stormy altar of Qazlal.
 13493 | D:9      | Noticed a fire dragon
 13508 | D:9      | Killed a fire dragon
 13509 | D:9      | Reached skill level 12 in Fighting
 13527 | D:9      | Noticed a wizard
 13543 | D:9      | Killed a wizard
 13544 | D:9      | Reached skill level 5 in Conjurations
 13544 | D:9      | Reached XP level 11. HP: 43/124 MP: 26/26
 13834 | D:9      | Noticed Harold
 13952 | D:9      | Killed Harold
 13953 | D:9      | Reached skill level 13 in Fighting
 15046 | D:10     | Entered Level 10 of the Dungeon
 15207 | D:10     | Offered knowledge of Mephitic Cloud by Vehumet.
 15346 | D:10     | Reached *** piety under Vehumet
 15354 | D:10     | Learned a level 2 spell: Poisonous Vapours
 15595 | D:10     | Noticed a two-headed ogre
 15616 | D:10     | Slain by a two-headed ogre

Illustrated notes

Levels and vault maps discovered:
D:1:      lemuel_arrival_broad_hall, layout_loops_ring, serial_shops,
          nicolae_shop_hallway_stairs,
          dreamdust_ecumenical_altar_angels_and_demons, minmay_misc_feat_x,
          serial_bayou_lake_a
D:2:      layout_rooms
D:3:      layout_loops_cross, serial_shops, nicolae_lakefront_shop,
          minmay_misc_feat_rugged, uniq_grinder, uniq_crazy_yiuf_cottage
D:4:      nicolae_cairo_tiling_very_big, layout_loops_ring, minmay_statues_item
D:5:      layout_loops_ring, mainiacjoe_overflow_paths,
          minmay_temple_entry_slanted, nicolae_ossuary_entry_giza,
          eino_small_chamber_without_monster
D:6:      layout_cave_pods, nicolae_overflow_crystal_walls, uniq_edmund,
          uniq_prince_ribbit1, uniq_pikel
D:7:      layout_loops_ring, mainiacjoe_overflow_24_doors, fedhas_altar_3
D:8:      layout_loops_cross, old_standard_altar, grunt_qazlal_sundering,
          serial_shops, shop, minmay_manual_mess
D:9:      kennysheep_big_flooded_room, layout_stronghold, uniq_harold
D:10:     layout_loops_ring, lair_entry_dummy, uniq_fannar
Temple:   lightli_temple_of_artemis

Skill      XL: |  1  2  3  4  5  6  7  8  9 10 11 |
---------------+----------------------------------+-----
Ice Magic      | 4 5 6 7 |  7.0
Spellcasting   | 4 5 7 9 11 | 11.1
Fighting       | 3 5 9 12 13 | 13.4
Conjurations   | 5 6 |  6.2
Dodging        | |  1.7
Stealth        | |  1.4

Action                   |  1- 3 |  4- 6 |  7- 9 | 10-12 || total
-------------------------+-------+-------+-------+-------++-------
Melee: Dagger            |    38 |    69 |   241 |    43 ||   391
       Punch             |     1 |     3 |     3 |     1 ||     8
       Mace              |    15 |    30 |       |       ||    45
       War axe           |       |       |    63 |    91 ||   154
Throw: Throwing net      |       |       |       |     1 ||     1
 Cast: Freeze            |    54 |     5 |       |       ||    59
       Frozen Ramparts   |       |     9 |    31 |    28 ||    68
       Ozocubu's Armour  |       |     5 |    13 |    13 ||    31
       Poisonous Vapours |       |       |       |     3 ||     3
Evoke: Wand              |       |       |       |     3 ||     3
  Use: Scroll            |       |     4 |     2 |       ||     6
       Potion            |       |     1 |       |       ||     1
 Stab: Sleeping          |     3 |     3 |     1 |     1 ||     8
       Paralysed         |       |       |       |     5 ||     5
Armor: Robe              |    34 |    23 |   121 |    64 ||   242
Dodge: Dodged            |    47 |    35 |   180 |    65 ||   327

Table legend: (Time is in decaauts)
 A = Elapsed time spent in this place.
 B = Non-inter-level travel time spent in this place.
 C = Inter-level travel time spent in this place.
 D = Time resting spent in this place.
 E = Time spent auto-exploring this place.
 F = Levels seen in this place.
 G = Mean time per level.
                   A        B        C        D        E       F      G
               +--------+--------+--------+--------+--------+-----+--------+
         Total |  15758 |  15325 |    433 |   5775 |   7144 |  11 | 1432.5 |
       Dungeon |  15662 |  15248 |    414 |   5775 |   7097 |  10 | 1566.2 |
        Temple |     95 |     76 |     19 |      0 |     47 |   1 |   95.0 |
               +--------+--------+--------+--------+--------+-----+--------+

Top non-repeatable levels by time:
     D:6: 2778 daAuts
     D:5: 2504 daAuts
     D:3: 1949 daAuts
     D:1: 1703 daAuts
     D:9: 1674 daAuts
     D:8: 1432 daAuts
     D:4: 1253 daAuts
     D:7: 1008 daAuts
     D:2: 777 daAuts
    D:10: 580 daAuts
  Temple: 95 daAuts
